Map: Eternal Empire LE

Players

Zaechus - Winner!

  • Race: Terran Terran
  • League: Diamond
  • Spawn Location: 1:00

MrTingly

  • Race: Terran Terran
  • League: Diamond
  • Spawn Location: 7:00

VOD

Have the link to the VOD?

Description

Time

  • Played on: July 24, 2020, 9:10 p.m.
  • Length: 7:12
Show
View Real Time Build Order
Export as new Build Order

Zaechus Terran - Winner!

Build Orders: 1/1/1, Liberator Opening 

Get SALT Encoding   

  12  0:00  SCV  
  13  0:13  SCV  
  14  0:17  Supply Depot  
  14  0:25  SCV  
  15  0:28  Refinery  
  15  0:39  SCV  
  16  0:45  Barracks  
  16  0:51  SCV  
  16  0:56  Refinery  
  17  1:03  SCV  
  18  1:15  SCV  
  19  1:32  Orbital Command  
  19  1:33  Marine  
  19  1:37  Factory  
  20  1:49  Supply Depot  
  20  1:51  Marine  
  21  2:00  SCV  
  22  2:09  Marine  
  22  2:12  SCV  
  24  2:20  Factory Tech Lab  
  24  2:23  Starport  
  24  2:29  Marine  
  25  2:33  SCV  
  26  2:38  Supply Depot  
  26  2:45  Siege Tank  
  26  2:50  Marine  
  30  3:04  Fusion Core  
  30  3:08  Marine  
  30  3:09  Liberator  
  34  3:22  Hellion  
  34  3:26  Marine  
  37  3:29  Supply Depot  
  37  3:45  Marine  
  38  3:51  Supply Depot  
  38  4:06  Hellion  
  38  4:07  Battlecruiser  
  46  4:12  Marine  
  47  4:27  Hellion  
  47  4:29  Marine  
  50  4:47  Marine  
  50  4:49  Hellion  
  53  5:05  Marine  
  54  5:10  Hellion  
  54  5:11  Battlecruiser  
  58  5:35  SCV  
  59  5:47  SCV  
  60  5:59  SCV  
  55  6:11  SCV  
  56  6:25  Marine  
  56  6:26  Hellion  
  58  6:43  Marine  
  59  6:48  Hellion  
Show
View Real Time Build Order
Export as new Build Order

MrTingly Terran 

Build Orders: Mech 

Get SALT Encoding   

  12  0:01  SCV  
  13  0:13  SCV  
  14  0:17  Supply Depot  
  14  0:25  SCV  
  15  0:39  SCV  
  16  0:44  Barracks  
  16  0:46  Refinery  
  16  0:51  SCV  
  18  1:04  SCV  
  18  1:17  SCV  
  19  1:31  Orbital Command  
  19  1:34  Marine  
  20  1:48  Command Center  
  20  1:52  Marine  
  21  1:58  SCV  
  22  2:05  Supply Depot  
  22  2:06  Refinery  
  22  2:10  SCV  
  22  2:11  Barracks Reactor  
  23  2:22  Factory  
  23  2:27  SCV  
  24  2:39  SCV  
  25  2:49  Marine x2  
  27  2:51  SCV  
  28  3:02  Orbital Command  
  28  3:03  SCV  
  29  3:06  Marine  
  29  3:07  Marine  
  29  3:12  Factory Tech Lab  
  31  3:14  Starport  
  31  3:23  SCV  
  31  3:24  Marine x2  
  34  3:28  SCV  
  35  3:35  SCV  
  35  3:36  Siege Tank  
  35  3:40  SCV  
  40  3:47  SCV  
  41  3:52  SCV  
  42  3:55  Barracks Reactor  
  42  3:59  SCV  
  42  4:01  Medivac  
  45  4:04  SCV  
  46  4:12  Viking, SCV  
  46  4:14  Supply Depot  
  46  4:16  SCV  
  54  4:24  SCV, Siege Tank  
  54  4:35  SCV  
  55  4:40  Supply Depot  
  55  4:41  Viking  
  57  4:48  Barracks Tech Lab  
  57  4:52  SCV x2  
  59  4:59  Refinery  
  59  5:00  Refinery  
  59  5:04  SCV x2  
  61  5:09  Factory  
  61  5:10  Command Center  
  61  5:13  Factory  
  61  5:16  SCV x2  
  63  5:31  Viking  
  63  5:32  Viking  
  63  5:37  SCV x2  
  61  5:49  SCV x2  
  63  5:53  Hellion  
  63  5:54  Hellion  
  63  5:56  Cyclone  
  69  6:10  Cyclone  
Tags
 
Add a new tag
Caveats
  • Supply blocks, unpowered buildings, or Contaminate may cause inaccurate times.
  • Supply counts are checked every 10 seconds.